 Dungeon Crawl Stone Soup version 0.30-a0-341-g682706514a (webtiles) character file.

Game seed: 18287023839028069902

1925 Bnni the Geomancer (level 9, -9/51 HPs)
             Began as an Octopode Earth Elementalist on Nov 3, 2022.
             Was a Follower of Vehumet.
             Mangled by a yak (13 damage)
             ... on level 7 of the Dungeon.
             The game lasted 00:12:04 (6077 turns).

Bnni the Geomancer (Octopode Earth Elementalist)    Turns: 6077, Time: 00:12:04

Health: -9/51      AC:  1    Str:  7    XL:     9   Next: 17%
Magic:  13/17      EV: 11    Int: 21    God:    Vehumet [*.....]
Gold:   290        SH:  9    Dex: 13    Spells: 8/18 levels left

rFire   . . .      SeeInvis .    i - +0 dagger
rCold   . . .      Faith    .    y - +1 kite shield
rNeg    + . .      Spirit   .    (helmet restricted)
rPois   .          Reflect  .    o - amulet of the acrobat
rElec   .          Harm     .    g - ring of wizardry
rCorr   .          Rampage  .    z - ring of positive energy
Will    .....                    (no ring)
Stlth   +++.......               (no ring)
HPRegen 0.28/turn                (no ring)
MPRegen 0.15/turn                (no ring)
                                 (no ring)
                                 (no ring)

@: no status effects
A: almost no armour, amphibious, 8 rings, camouflage 1, gelatinous body 1,
(nimble swimmer 1), tentacles
a: Renounce Religion


You were on level 7 of the Dungeon.
You worshipped Vehumet.
Vehumet was aware of your devotion.
You visited 2 branches of the dungeon, and saw 8 of its levels.

You collected 290 gold pieces.

Inventory:

Hand Weapons
 i - a +0 dagger (weapon)
Missiles
 l - 12 poisoned darts
 s - a throwing net
 A - 2 atropa-tipped darts
Armour
 y - a +1 kite shield (worn)
Jewellery
 d - a ring of ice
 g - a ring of wizardry (left tentacle)
 o - an amulet of the acrobat (around mantle)
 z - a ring of positive energy (right tentacle)
 B - an amulet of reflection
Wands
 k - a wand of mindburst (15)
 q - a wand of acid (14)
 u - a wand of charming (19)
Scrolls
 b - 2 scrolls of enchant armour
 c - 3 scrolls of vulnerability {unknown}
 f - 2 scrolls of amnesia
 h - 2 scrolls of teleportation {unknown}
 j - 2 scrolls of fear {unknown}
 t - 2 scrolls of enchant weapon {unknown}
Potions
 a - a potion of magic
 e - a potion of mutation
 m - 2 potions of heal wounds
 n - a potion of berserk rage
 p - a potion of attraction
 r - 2 potions of might
 v - a potion of flight
 w - a potion of curing
 x - a potion of haste {unknown}


   Skills:
 - Level 2.0 Dodging
 - Level 2.6 Stealth
 + Level 2.9 Shields
 + Level 5.4 Spellcasting
 + Level 4.8 Conjurations
 - Level 2.0 Transmutations
 * Level 8.6 Earth Magic


You had 8 spell levels left.
You knew the following spells:

 Your Spells              Type           Power      Damage    Failure   Level
a - Sandblast             Erth           84%        2d18      1%          1
b - Passwall              Tmut/Erth      23%        N/A       2%          2
c - Stone Arrow           Conj/Erth      68%        3d11      2%          3
d - Petrify               Tmut/Erth      28%        N/A       14%         4

Your spell library contained the following spells:

 Spells                   Type           Power      Damage    Failure   Level
 Foxfire                  Conj/Fire      60%        2x1d7     4%          1
 Cigotuvi's Dreadful Rot  Necr/Pois/Air  10%        N/A       19%         2
 Poisonous Vapours        Pois/Air       10%        N/A       19%         2
 Mephitic Cloud           Conj/Pois/Air  12%        N/A       21%         3


Dungeon Overview and Level Annotations

Branches:
Dungeon (7/15)             Temple (1/1) D:4

Altars:
Ashenzari
Cheibriados
Dithmenos
Elyvilon
Fedhas
Hepliaklqana
Kikubaaqudgha
Makhleb
Nemelex Xobeh
Qazlal
Ru
Trog
Uskayaw
Vehumet
Wu Jian
Xom
Yredelemnul

Shops:
D:6 *


Innate Abilities, Weirdness & Mutations

You cannot wear most types of armour.
You are amphibious.
You can wear up to eight rings at the same time.
Your skin changes colour to match your surroundings (Stealth+).
Your rubbery body absorbs attacks. (AC +1, EV +1)
((You are camouflaged when in or above water. (Stealth+)))
You have tentacles for arms and can constrict up to eight enemies at once.


Message History

You kill the yak!
Vehumet accepts your kill.
A yak comes into view.
The yak moves out of view.
A yak comes into view.
A yak comes into view.
The yak moves out of view.
The howler monkey hoots and howls with incredible vigour!
You hear a bellow!
You hear a shout!
A gnoll comes into view. It is wielding a +0 whip.
The gnoll shouts!
You hear a shout!
There is a stone staircase leading up here.
Aiming: Sandblast (safe; 1% risk of failure)
Press: ? - help, Q - select action, (/) - cycle Shift-Dir - straight line, f - howler monkey
Aim: a howler monkey (83% to hit)
The blast of sand hits the howler monkey!
The howler monkey is heavily wounded.
You block the howler monkey's attack.
Aiming: Sandblast (safe; 1% risk of failure)
Press: ? - help, Q - select action, (/) - cycle Shift-Dir - straight line, f/p - howler monkey
Aim: a howler monkey (heavily wounded, 83% to hit)
The blast of sand hits the howler monkey!!
You kill the howler monkey!
Vehumet accepts your kill.
A gnoll comes into view. It is wielding a +0 club.
The gnoll throws a throwing net.
The throwing net hits you.
You become entangled in the net!
You struggle against the net.
The yak gores you!
Unknown command.
You tear a large gash into the net.
A gnoll comes into view. It is wielding a +0 flail.
The yak completely misses you. The yak gores you!
Unknown command.
You rip the net and break free!
The gnoll hits you with a +0 whip. The yak barely misses you.
The yak misses you.
Unknown command.
The gnoll barely misses you. The yak gores you!
* * * LOW HITPOINT WARNING * * *
The yak gores you!
You die...

...... .....
#..g# #...#
#g..# #...#
###g..###
#.Y@....#
#.#Y..#.#
#####.##.##.###.
#......#........
#.........#.###.
##>###.....#.#
......Y......#
.Y.##......###
$.......##


You could see 2 yaks and 3 gnolls.

Vanquished Creatures
  Maggie (D:6)
  Sigmund (D:2)
  A yak (D:7)
  Menkaure (D:6)
  An ice beast (D:5)
  2 black bears (D:4)
  An ogre (D:6)
  3 necrophages
  A scorpion (D:5)
  2 howler monkeys
  3 hounds
  An orc priest (D:6)
  2 jellies (D:5)
  Crazy Yiuf (D:4)
  Ijyb (D:4)
  Terence (D:2)
  Natasha (thrice) (D:4)
  2 orc wizards
  3 gnolls (D:4)
  4 adders
  2 white imps (D:5)
  3 ufetubi
  A dart slug (D:3)
  13 orcs
  8 endoplasms
  3 giant cockroaches
  9 hobgoblins
  3 quokkas
  5 ball pythons
  A frilled lizard (D:2)
  8 goblins
  10 kobolds
  3 rats
104 creatures vanquished.

Vanquished Creatures (others)
  15 plants (D:4)
15 creatures vanquished.

Grand Total: 119 creatures vanquished

Notes
Turn   | Place    | Note
-------+----------+-------------------------------------------
     0 | D:1      | Bnni the Octopode Earth Elementalist began the quest for
                  | the Orb.
     0 | D:1      | Reached XP level 1. HP: 11/11 MP: 3/3
   475 | D:1      | Reached XP level 2. HP: 15/17 MP: 0/5
  1206 | D:2      | Noticed Terence
  1214 | D:2      | Killed Terence
  1215 | D:2      | Reached skill level 4 in Earth Magic
  1215 | D:2      | Reached XP level 3. HP: 6/21 MP: 1/6
  1533 | D:2      | Noticed Sigmund
  1535 | D:2      | Reached XP level 4. HP: 18/27 MP: 3/8
  1615 | D:1      | Learned a level 3 spell: Stone Arrow
  1798 | D:2      | Killed Sigmund
  1799 | D:2      | Reached skill level 1 in Conjurations
  1799 | D:2      | Reached skill level 5 in Earth Magic
  1799 | D:2      | Reached XP level 5. HP: 31/31 MP: 2/10
  1799 | D:2      | Reached XP level 6. HP: 36/36 MP: 2/11
  2023 | D:3      | Found a sparkling altar of Nemelex Xobeh.
  2152 | D:3      | Identified the +3 short sword "Ulousm" {flame, Fly rPois
                  | Will- Int-5}
  2311 | D:3      | Learned a level 2 spell: Passwall
  2316 | D:3      | Learned a level 4 spell: Petrify
  2825 | D:4      | Noticed Natasha
  2832 | D:4      | Killed Natasha
  2983 | D:4      | Noticed Ijyb
  2993 | D:4      | Killed Ijyb
  3080 | D:4      | Found a staircase to the Ecumenical Temple.
  3090 | Temple   | Entered the Ecumenical Temple
  3189 | Temple   | Became a worshipper of Vehumet
  3329 | D:4      | Noticed Natasha
  3332 | D:4      | Killed Natasha
  3344 | D:4      | Noticed a black bear
  3350 | D:4      | Killed a black bear
  3351 | D:4      | Reached skill level 6 in Earth Magic
  3351 | D:4      | Reached XP level 7. HP: 41/41 MP: 3/12
  4019 | D:4      | Found a runed translucent door.
  4020 | D:4      | Noticed Crazy Yiuf
  4024 | D:4      | Killed Crazy Yiuf
  4091 | D:4      | Noticed Natasha
  4094 | D:4      | Killed Natasha
  4331 | D:5      | Entered Level 5 of the Dungeon
  4563 | D:5      | Identified the +6 scale mail "Baigumoch" {rElec}
  4577 | D:5      | Identified the +7 chain mail of Gravitas {Will+ Stlth+}
  4605 | D:5      | Reached * piety under Vehumet
  4605 | D:5      | Offered knowledge of Foxfire by Vehumet.
  4606 | D:5      | Reached skill level 7 in Earth Magic
  4606 | D:5      | Reached XP level 8. HP: 46/46 MP: 4/14
  5149 | D:6      | Reached skill level 1 in Shields
  5151 | D:6      | Noticed Menkaure
  5155 | D:6      | Killed Menkaure
  5418 | D:6      | Noticed Maggie
  5420 | D:6      | Found Loeklurr's Overcharged Wands.
  5427 | D:6      | Killed Maggie
  5428 | D:6      | Reached skill level 5 in Spellcasting
  5428 | D:6      | Reached skill level 8 in Earth Magic
  5682 | D:6      | Reached XP level 9. HP: 44/51 MP: 7/16
  5826 | D:6      | Found a white marble altar of Elyvilon.
  6077 | D:7      | Mangled by a yak

Illustrated notes

Levels and vault maps discovered:
D:1:      giann_wishing_wells, layout_loops_ring, minmay_statues_item
D:2:      layout_rooms, uniq_sigmund, uniq_terence
D:3:      layout_basic, nemelex_dance_club_becter, minmay_fractal_squares_5
D:4:      layout_loops_ring, minmay_temple_entry_trees, serial_bayou,
          serial_bayou_ford_a, serial_bayou_shore_b, serial_bayou_lagoon_b,
          serial_bayou_lagoon_a, serial_bayou_pond_b, serial_bayou_pond_e,
          uniq_ijyb, uniq_crazy_yiuf_cottage, uniq_natasha
D:5:      layout_cave_pools, minmay_between
D:6:      layout_basic, elyvilon_altar_5, kennysheep_flooded_box,
          nicolae_shop_overcharged_wands, uniq_menkaure, uniq_maggie
D:7:      layout_loops_cross, nicolae_gozag_seed_capital,
          nicolae_tso_swordbearing_angel
Temple:   regret_index_temple_waves

Skill      XL: |  1  2  3  4  5  6  7  8 |
---------------+-------------------------+-----
Earth Magic    | 4 5 6 7 8 |  8.6
Spellcasting   | 3 4 5 |  5.4
Conjurations   | 1 2 3 4 |  4.8
Transmutations | 2 |  2.0
Shields        | 2 |  2.9
Dodging        | |  2.0
Stealth        | |  2.6

Action                   |  1- 3 |  4- 6 |  7- 9 || total
-------------------------+-------+-------+-------++-------
Melee: Unarmed           |     6 |       |       ||     6
       Constrict         |     5 |     6 |       ||    11
       Tentacles         |     4 |     3 |     1 ||     8
       Short sword       |     2 |       |       ||     2
       Dagger            |    16 |    22 |     4 ||    42
       Punch             |     1 |       |       ||     1
Throw: Dart              |     4 |       |       ||     4
 Cast: Sandblast         |    26 |    29 |    68 ||   123
       Stone Arrow       |       |     9 |    19 ||    28
  Use: Scroll            |       |     4 |     6 ||    10
 Stab: Sleeping          |     3 |     3 |     3 ||     9
Armor: Skin              |     1 |     2 |       ||     3
Dodge: Dodged            |    25 |    35 |    15 ||    75
Block: Kite shield       |       |       |     5 ||     5

Table legend: (Time is in decaauts)
 A = Elapsed time spent in this place.
 B = Non-inter-level travel time spent in this place.
 C = Inter-level travel time spent in this place.
 D = Time resting spent in this place.
 E = Time spent auto-exploring this place.
 F = Levels seen in this place.
 G = Mean time per level.
                   A        B        C        D        E       F      G
               +--------+--------+--------+--------+--------+-----+--------+
         Total |   6138 |   5877 |    261 |    396 |   4692 |   8 |  767.2 |
       Dungeon |   6006 |   5803 |    203 |    396 |   4633 |   7 |  858.0 |
        Temple |    131 |     73 |     58 |      0 |     59 |   1 |  131.0 |
               +--------+--------+--------+--------+--------+-----+--------+

Top non-repeatable levels by time:
     D:4: 1403 daAuts
     D:1: 1185 daAuts
     D:6: 935 daAuts
     D:3: 877 daAuts
     D:5: 810 daAuts
     D:2: 770 daAuts
  Temple: 131 daAuts
     D:7: 24 daAuts
